Map: Pillars of Gold LE

Players

Seither

  • Race: Terran Terran
  • League: Grandmaster
  • Spawn Location: 1:00

EnDerr - Winner!

  • Race: Zerg Zerg
  • Spawn Location: 7:00

Event: DreamHack SC2 Masters 2020 Winter

VOD

Have the link to the VOD?

Description

Time

  • Played on: Oct. 25, 2020, 6:42 a.m.
  • Length: 12:23

All games in this series

Show
View Real Time Build Order
Export as new Build Order

Seither Terran 

Build Orders: Reaper Expand 

Get SALT Encoding   

  12  0:00  SCV  
  13  0:12  SCV  
  14  0:17  Supply Depot  
  14  0:24  SCV  
  15  0:39  SCV  
  15  0:40  Barracks  
  16  0:45  Refinery  
  16  0:51  SCV  
  17  1:03  SCV  
  18  1:15  SCV  
  19  1:27  Reaper  
  19  1:28  Orbital Command  
  20  1:43  Command Center  
  20  1:54  SCV  
  20  1:56  Supply Depot  
  20  1:59  Marine  
  22  2:06  SCV  
  23  2:11  Factory  
  23  2:18  SCV  
  23  2:22  Barracks Reactor  
  24  2:31  SCV  
  25  2:43  SCV  
  26  2:54  Command Center  
  26  2:55  SCV  
  27  3:07  Barracks  
  27  3:08  Hellion  
  27  3:09  Hellion  
  32  3:17  Orbital Command  
  31  3:20  Barracks Tech Lab  
  31  3:22  SCV  
  32  3:33  Hellion x2  
  36  3:35  SCV  
  37  3:44  Stimpack, Marine  
  37  3:46  SCV  
  37  3:47  SCV  
  40  3:52  Refinery  
  39  3:59  SCV  
  39  4:00  SCV  
  41  4:05  Marine x3  
  41  4:06  Orbital Command  
  44  4:12  Refinery  
  44  4:14  Factory Reactor  
  44  4:16  Starport  
  44  4:17  SCV x2  
  46  4:27  Supply Depot  
  46  4:29  SCV  
  46  4:30  Marine x3  
  50  4:32  SCV  
  50  4:38  Refinery  
  51  4:39  Orbital Command  
  51  4:41  SCV  
  51  4:45  SCV  
  53  4:48  Marine x3  
  56  4:53  SCV  
  56  4:55  Engineering Bay  
  56  4:56  Supply Depot, Engineering Bay  
  56  4:58  SCV  
  58  5:05  SCV, Marine  
  58  5:06  Factory Reactor, Marine x2  
  62  5:09  SCV  
  62  5:12  Medivac x2  
  67  5:14  SCV  
  68  5:24  Supply Depot  
  68  5:26  Combat Shield  
  68  5:28  SCV x2  
  69  5:30  SCV  
  69  5:33  Missile Turret  
  71  5:38  Marine  
  71  5:39  Marine x2  
  71  5:40  SCV  
  71  5:42  Missile Turret  
  75  5:45  Missile Turret  
  75  5:48  SCV x2  
  77  5:53  Supply Depot  
  81  5:57  Supply Depot, Widow Mine x2  
  81  6:01  Marine x3  
  81  6:03  SCV  
  85  6:09  Supply Depot  
  85  6:15  SCV x2, Medivac x2  
  91  6:18  Supply Depot  
  91  6:23  Widow Mine x2  
  91  6:25  Marine x3  
  96  6:29  SCV x3, Supply Depot  
  101  6:34  Supply Depot  
  101  6:39  Bunker  
  101  6:41  Bunker  
  101  6:43  Marine x3  
  92  7:01  Marine x2  
  89  7:02  Factory Tech Lab  
  89  7:05  Orbital Command  
  89  7:07  Marine  
  61  7:08  Medivac x2  
  88  7:11  SCV  
  88  7:13  Barracks x2  
  93  7:19  Marine  
  92  7:35  Engineering Bay x2  
  91  7:55  Supply Depot  
  91  8:01  Barracks Reactor  
  91  8:03  Marine x2  
  91  8:04  Terran Infantry Weapons Level 1  
  93  8:07  Supply Depot  
  93  8:09  Terran Infantry Armor Level 1  
  93  8:13  Supply Depot  
  93  8:16  Marine x2  
  93  8:17  SCV x2, Siege Tank  
  100  8:20  Marine  
  101  8:28  Marine x2, Liberator x2  
  101  8:30  Supply Depot  
  101  8:31  Supply Depot  
  101  8:32  Refinery  
  109  8:34  Refinery, Marine  
  109  8:35  SCV x2  
  109  8:37  Supply Depot  
  109  8:39  Supply Depot  
  112  8:41  Marine x3  
  112  8:47  SCV  
  116  8:54  Marine x3, Siege Tank  
  122  8:57  SCV  
  122  8:59  SCV  
  124  9:04  Marine x3  
  124  9:09  SCV  
  128  9:10  Armory  
  128  9:16  Medivac x2  
  132  9:19  SCV  
  132  9:21  SCV  
  132  9:22  Supply Depot  
  134  9:29  Marine x4  
  132  9:42  Marine x2  
  132  9:45  SCV x2, Supply Depot  
  135  9:47  Supply Depot  
  135  9:49  Liberator x2  
  115  10:00  Marine x3  
  115  10:02  Marine x2  
  120  10:10  Supply Depot  
  120  10:13  Marine x2  
  122  10:18  SCV x2, Marine  
  122  10:20  Marine x2  
  122  10:21  Marine  
  125  10:31  Marine x3  
  125  10:33  Siege Tank  
  125  10:34  Orbital Command  
  131  10:36  Marine  
  131  10:40  Marine x3  
  130  11:02  Missile Turret  
  130  11:03  Marine  
  130  11:04  Marine x2  
  127  11:05  Marine  
  127  11:06  Marine  
  127  11:08  Siege Tank  
  127  11:11  SCV x2  
  136  11:13  Missile Turret  
  133  11:27  Marine x5  
  133  11:34  Marine x2  
  112  11:43  Siege Tank  
  112  11:44  Marine  
  112  11:45  Medivac x2, Marine x3  
  118  11:47  Marine  
  118  11:52  Marine  
Show
View Real Time Build Order
Export as new Build Order

EnDerr Zerg - Winner!

Build Orders: Hatch First 

Get SALT Encoding   

  12  0:00  Drone  
  13  0:13  Overlord  
  13  0:18  Drone  
  14  0:31  Drone x2  
  16  0:51  Hatchery  
  16  0:54  Drone  
  16  0:57  Drone  
  16  1:02  Drone  
  18  1:11  Extractor  
  17  1:17  Spawning Pool  
  16  1:20  Drone  
  16  1:24  Drone  
  18  1:32  Drone  
  20  1:47  Drone  
  20  1:51  Overlord  
  20  2:04  Zergling x4  
  20  2:05  Queen  
  20  2:06  Queen  
  26  2:13  Metabolic Boost  
  26  2:17  Drone  
  26  2:20  Drone  
  28  2:31  Drone x2  
  29  2:44  Queen x2  
  29  2:51  Overlord  
  33  2:56  Drone x2  
  35  3:10  Drone x5  
  40  3:15  Drone  
  40  3:16  Drone x2  
  43  3:21  Overlord  
  43  3:27  Lair  
  43  3:35  Extractor  
  42  3:43  Drone x5  
  46  3:51  Drone  
  46  3:53  Overlord  
  47  3:56  Drone x4  
  51  4:03  Extractor  
  51  4:04  Roach Warren  
  49  4:13  Drone  
  49  4:14  Hatchery, Drone  
  49  4:15  Evolution Chamber  
  49  4:22  Overlord x2  
  49  4:30  Zergling x2  
  49  4:31  Zergling x2  
  51  4:41  Zerg Missile Weapons Level 1, Overlord, Extractor  
  51  4:42  Drone x3  
  51  4:45  Glial Reconstitution  
  53  4:46  Roach x2  
  53  4:49  Roach  
  59  4:56  Roach x2  
  63  5:02  Zergling x2  
  64  5:07  Zergling x6  
  64  5:08  Zergling x8  
  64  5:10  Ravager x3  
  74  5:16  Roach  
  74  5:20  Overlord  
  76  5:30  Roach x3  
  82  5:38  Overlord x2  
  82  5:40  Roach x2  
  86  5:43  Roach x2  
  89  5:52  Overlord  
  89  5:55  Overlord  
  89  5:59  Ravager x4  
  89  6:00  Ravager, Roach x2  
  89  6:02  Roach  
  100  6:06  Roach  
  100  6:07  Roach  
  104  6:13  Zergling x10  
  104  6:15  Zergling x2  
  110  6:19  Zergling x2  
  110  6:20  Zergling x4  
  110  6:21  Ravager  
  110  6:22  Ravager  
  110  6:25  Roach  
  117  6:27  Roach  
  117  6:31  Overlord  
  119  6:35  Roach  
  121  6:41  Zergling x2  
  122  6:51  Zergling x4  
  122  6:53  Zergling x2  
  112  7:00  Zerg Ground Armor Level 1  
  107  7:03  Drone, Baneling Nest  
  107  7:04  Drone x6  
  107  7:05  Evolution Chamber, Drone  
  113  7:08  Drone  
  113  7:10  Drone  
  113  7:11  Drone  
  113  7:15  Drone x2  
  118  7:17  Drone  
  118  7:18  Drone  
  118  7:22  Overlord  
  120  7:24  Drone  
  120  7:26  Drone  
  122  7:30  Overlord  
  122  7:34  Drone x2  
  122  7:35  Drone x2  
  126  7:42  Zerg Melee Weapons Level 1  
  121  7:57  Spore Crawler  
  120  7:58  Centrifical Hooks  
  120  7:59  Zergling x2  
  120  8:00  Zergling x8  
  125  8:06  Zergling x2, Hatchery  
  125  8:12  Overlord, Pneumatized Carapace  
  125  8:13  Zergling x2, Overlord  
  125  8:14  Zergling x8, Spore Crawler  
  125  8:15  Spore Crawler  
  125  8:18  Zergling x4  
  125  8:19  Zergling x2  
  131  8:23  Extractor  
  131  8:25  Drone x3  
  133  8:30  Overlord  
  133  8:32  Baneling x12  
  133  8:33  Zergling x2  
  134  8:38  Drone x4  
  134  8:40  Drone x2  
  140  8:49  Zergling x8  
  140  8:53  Drone  
  140  8:54  Zergling x2  
  140  8:55  Spire  
  145  9:02  Zergling x2  
  146  9:03  Zergling x10  
  146  9:05  Overseer x2  
  151  9:14  Zergling x12  
  157  9:17  Extractor  
  157  9:20  Drone x3  
  157  9:22  Spore Crawler  
  157  9:27  Zerg Ground Armor Level 2  
  157  9:29  Drone x3  
  159  9:33  Extractor x2  
  159  9:36  Drone x4  
  159  9:37  Drone x2  
  154  10:04  Zerg Melee Weapons Level 2  
  154  10:07  Ravager  
  155  10:14  Overlord  
  155  10:15  Overlord x2  
  154  10:26  Hatchery, Mutalisk x11  
  175  10:37  Infestation Pit  
  175  10:39  Drone  
  175  10:42  Mutalisk x5  
  177  10:43  Mutalisk  
  177  10:49  Zergling x14  
  196  10:50  Zergling x4  
  196  11:01  Baneling x5  
  196  11:02  Baneling x12  
  195  11:06  Zergling x2  
  195  11:08  Zergling x2  
  197  11:13  Zergling x2  
  197  11:17  Zergling x2  
  199  11:25  Zergling x2  
  200  11:28  Zergling x2  
  200  11:29  Zergling x2  
  188  11:32  Mutalisk  
  188  11:33  Mutalisk x5  
  188  11:38  Mutalisk  
  197  11:46  Zergling x2  
  193  11:47  Zergling x2  
  193  11:49  Zergling x2  
  193  11:51  Zergling x2  
  179  11:54  Zergling x2  
  179  11:55  Mutalisk x2  
Tags
 
Add a new tag
Caveats
  • Supply blocks, unpowered buildings, or Contaminate may cause inaccurate times.
  • Supply counts are checked every 10 seconds.